 Dungeon Crawl Stone Soup version 0.24.0-37-gcf1ca852f1 (webtiles) character file.

Game seed: 16717547782779569661, levelgen mode: deterministic

2203 Mrkan the Grappler (level 9, -1/126 HPs)
             Began as a Troll Monk on Nov 30, 2019.
             Was a Believer of Nemelex Xobeh.
             Succumbed to a killer bee's poison
             ... on level 6 of the Dungeon.
             The game lasted 00:11:31 (4801 turns).

Mrkan the Grappler (Troll Monk)                     Turns: 4801, Time: 00:11:32

Health: -1/126     AC: 24    Str: 20 (21) XL:     9   Next: 12%
Magic:  8/8        EV:  1    Int: 14      God:    Nemelex Xobeh [**....]
Gold:   240        SH:  0    Dex: 10 (12) Spells: 8/8 levels left

rFire    . . .     SeeInvis .     - Unarmed
rCold    . . .     Gourm    +   (no shield)
rNeg     + + +     Faith    .   (armour currently unavailable)
rPois    +         Spirit   .   (helmet currently unavailable)
rElec    .         Reflect  .   (cloak currently unavailable)
rCorr    .         Harm     .   (gloves unavailable)
MR       .....     NoTele   +   (boots unavailable)
Stlth    ++........             (no amulet)
HPRegen  0.71/turn              w - ring of stealth
MPRegen  0.11/turn              (no ring)

@: brilliant, lethally poisoned (-1 -> -8), tree-form, berserk cooldown, slowed,
very slow
A: large, unfitting armour, fast metabolism 3, gourmand, regeneration 1, wild
magic 1
a: Draw Escape, Draw Destruction, Draw Summoning, Renounce Religion


You were on level 6 of the Dungeon.
You worshipped Nemelex Xobeh.
Nemelex Xobeh was pleased with you.
You were completely stuffed.
You were a tree.
You visited 1 branch of the dungeon, and saw 7 of its levels.

You collected 240 gold pieces.

Inventory:

Missiles
 c - 3 large rocks (quivered)
 A - 5 javelins
Armour
 i - a scarf of repulsion (melded)
 p - a +0 troll leather armour (melded)
Jewellery
 w - a ring of stealth (left branch)
Wands
 x - a wand of disintegration (8)
 y - a wand of enslavement (7)
Scrolls
 d - 2 scrolls of fear {unknown}
 e - a scroll of blinking {unknown}
 g - 4 scrolls of identify {unknown}
 m - 2 scrolls of enchant armour {unknown}
 o - 2 scrolls of magic mapping {unknown}
 q - 4 scrolls of teleportation {unknown}
 t - 3 scrolls of remove curse {unknown}
 u - 2 scrolls of amnesia {unknown}
 v - a scroll of acquirement {unknown}
 z - a scroll of enchant weapon {unknown}
Potions
 f - a potion of degeneration
 h - 2 potions of haste
 j - a potion of curing {unknown}
 k - a potion of flight
 l - a potion of agility
 n - a potion of lignification
Comestibles
 b - 13 rations


   Skills:
 - Level 4.1 Fighting
 - Level 7.4 Throwing
 - Level 2.4 Dodging
 - Level 1.0 Stealth
 * Level 8.6 Unarmed Combat


You had 8 spell levels left.
You didn't know any spells.
Your spell library was empty.

Dungeon Overview and Level Annotations

Branches:
Dungeon (7/15)
 Temple: D:4-7

Altars:
Kikubaaqudgha
Makhleb
Nemelex Xobeh
Sif Muna
Uskayaw
The Shining One


Innate Abilities, Weirdness & Mutations

You are too large for most types of armour.
((You have claws for hands.))
Your metabolism is lightning-fast.
You like to eat raw meat.
Your natural rate of healing is unusually fast.
((You are covered in fur. (AC +1)))
((You have extremely tough skin. (AC +3)))
((You have sharp toenails.))
((You are partially covered in large bone plates. (SH +4)))
Your spells are a little harder to cast, but a little more powerful.


Message History

You are too berserk!
You feel a strong urge to attack something.
* * * LOW HITPOINT WARNING * * *
You feel sick.
* * * LOW HITPOINT WARNING * * *
You feel sick.
You feel your anger nearly subside.
You are no longer berserk.
You are exhausted.
You feel yourself slow down.
* * * LOW HITPOINT WARNING * * *
You feel sick.
It was a potion of mutation.
You feel extremely strange.
You feel less in control of your magic.
Your toenails lengthen and sharpen.
Large bone plates grow over parts of your arms.
* * * LOW HITPOINT WARNING * * *
You feel very sick.
It was a potion of brilliance.
You feel clever all of a sudden.
You die...
Your body glows slightly and disappears.

##....###...
###..##.... ##.......
### #..##### ##.##
#..#.... #######...##
##.#..##
#..#.##>...#####.#.###
#....#......#.##.#.###
##....♣†..........#....
#.........#.......#....
##..#.....#.......#...#
#..##............#.###
####.............#....
#...........##..#....
##.........###(..)...
####.........#..#...)
##.##.........<[.#.###


There were no monsters in sight!

Vanquished Creatures
  Pikel (D:5)
  A hippogriff (D:7)
  Duvessa (D:4)
  An orc warrior (D:6)
  A slave (D:5)
  2 ogres
  2 centaurs (D:6)
  Dowan (D:4)
  4 scorpions
  5 killer bees (D:6)
  A wight (D:6)
  A bullfrog zombie (D:5)
  A jelly (D:6)
  A hound (D:4)
  An orc priest (D:6)
  An iguana (D:4)
  Terence (D:2)
  4 worker ants
  2 hound skeletons
  6 gnolls
  6 adders
  A shadow imp (D:6)
  3 oozes (D:1)
  An adder zombie (D:6)
  2 worms (D:2)
  A dart slug (D:1)
  4 leopard geckos
  11 orcs
  2 ball pythons
  18 giant cockroaches
  13 goblins
  6 hobgoblins
  7 jackals
  5 quokkas
  9 bats
  7 frilled lizards
  9 kobolds
  A leopard gecko skeleton (D:6)
  2 quokka skeletons
  10 rats
156 creatures vanquished.

Vanquished Creatures (others)
  An adder (D:5)
  An adder skeleton (D:5)
2 creatures vanquished.

Grand Total: 158 creatures vanquished

Notes
Turn   | Place    | Note
-------+----------+-------------------------------------------
     0 | D:1      | Mrkan the Troll Monk began the quest for the Orb.
     0 | D:1      | Reached XP level 1. HP: 22/22 MP: 0/0
    54 | D:1      | Reached XP level 2. HP: 29/29 MP: 1/1
   187 | D:1      | Reached skill level 4 in Unarmed Combat
   263 | D:1      | Reached XP level 3. HP: 32/36 MP: 2/2
   732 | D:2      | Reached XP level 4. HP: 32/45 MP: 3/3
  1026 | D:2      | Noticed Terence
  1033 | D:2      | Killed Terence
  1033 | D:2      | Reached skill level 5 in Unarmed Combat
  1151 | D:2      | Reached XP level 5. HP: 52/53 MP: 4/4
  1608 | D:3      | Found a glowing golden altar of the Shining One.
  1915 | D:3      | Found an ancient bone altar of Kikubaaqudgha.
  2422 | D:4      | Reached XP level 6. HP: 43/62 MP: 5/5
  2486 | D:4      | Reached skill level 6 in Unarmed Combat
  2605 | D:4      | Noticed Duvessa
  2606 | D:4      | Noticed Dowan
  2838 | D:4      | Killed Duvessa
  2838 | D:4      | Reached XP level 7. HP: 58/70 MP: 6/6
  2845 | D:4      | Killed Dowan
  2845 | D:4      | Reached skill level 7 in Unarmed Combat
  3032 | D:5      | Entered Level 5 of the Dungeon
  3032 | D:5      | Noticed Pikel
  3057 | D:5      | Killed Pikel
  3057 | D:5      | Reached XP level 8. HP: 14/78 MP: 7/7
  3569 | D:5      | Reached skill level 5 in Throwing
  3619 | D:5      | Found a sparkling altar of Nemelex Xobeh.
  3645 | D:5      | Became a worshipper of Nemelex Xobeh the Trickster
  3645 | D:5      | Received a gift from Nemelex Xobeh
  3645 | D:5      | Reached * piety under Nemelex Xobeh
  3645 | D:5      | Received a gift from Nemelex Xobeh
  3645 | D:5      | Reached ** piety under Nemelex Xobeh
  4173 | D:6      | HP: 3/78 [disintegration (6)]
  4535 | D:6      | Received a gift from Nemelex Xobeh
  4715 | D:7      | Found a shimmering blue altar of Sif Muna.
  4715 | D:7      | Found a sparkling altar of Nemelex Xobeh.
  4715 | D:7      | Found a burning altar of Makhleb.
  4715 | D:7      | Noticed a hippogriff
  4716 | D:7      | Found a hide-covered altar of Uskayaw.
  4727 | D:7      | Killed a hippogriff
  4727 | D:7      | Reached skill level 8 in Unarmed Combat
  4727 | D:7      | Reached XP level 9. HP: 50/84 MP: 8/8
  4795 | D:6      | HP: 9/189 [poisoned by a killer bee]
  4799 | D:6      | HP: 3/126 [poisoned by a killer bee]
  4800 | D:6      | Gained mutation: Your spells are a little harder to cast,
                  | but a little more powerful. [potion of mutation]
  4800 | D:6      | Gained mutation: You have sharp toenails. [potion of
                  | mutation]
  4800 | D:6      | Gained mutation: You are partially covered in large bone
                  | plates. (SH +4) [potion of mutation]
  4800 | D:6      | HP: 1/126 [poisoned by a killer bee]
  4801 | D:6      | Succumbed to a killer bee's poison

Levels and vault maps discovered:
D:1:      erik_arrival_gehennom, layout_rooms
D:2:      minmay_roachtagon, layout_loops_ring, minmay_strange_pillars,
          uniq_terence
D:3:      layout_basic, tso_oasis_becter, marbit_many_paths, first_ration,
          small_statue_intersection
D:4:      layout_cave_pools, minmay_box_of_dots, uniq_duvessa
D:5:      layout_basic, minmay_statues_item, dk_noncrumbling_4,
          minmay_ruined_shrine, uniq_pikel
D:6:      minmay_recursive_quarters, layout_cave_pools
D:7:      layout_basic, chequers_temple_overflow_statue_of_worship,
          temple_statues, enter_bailey_6, uniq_harold

Skill      XL: |  1  2  3  4  5  6  7  8 |
---------------+-------------------------+-----
Unarmed Combat | 4 5 6 7 8 |  8.6
Fighting       | 3 4 |  4.1
Throwing       | 4 7 |  7.4
Dodging        | |  2.4
Stealth        | |  1.0

Action                   |  1- 3 |  4- 6 |  7- 9 || total
-------------------------+-------+-------+-------++-------
Melee: Unarmed           |    91 |   190 |   163 ||   444
       Punch             |     1 |     2 |     4 ||     7
  Use: Potion            |       |       |     7 ||     7
 Stab: Sleeping          |     3 |     5 |       ||     8
  Eat: Chunk             |    12 |    18 |    19 ||    49
Armor: Robe              |    40 |    68 |    38 ||   146
       Troll leather arm |       |       |    61 ||    61
       Skin              |       |       |    13 ||    13
Dodge: Dodged            |    50 |    97 |   126 ||   273
       Deflected         |       |     4 |     8 ||    12
